 Dungeon Crawl Stone Soup version 0.13.0-11-g0187522 (webtiles) character file.

1716 ivanovan88 the Covert (level 8, -10/54 HPs)
             Began as a Vampire Enchanter on Oct 18, 2013.
             Was an Initiate of Kikubaaqudgha.
             Mangled by dyno's ghost (20 damage)
             ... on Level 6 of the Dungeon.
             The game lasted 01:14:26 (9545 turns).

ivanovan88 the Covert (Vampire Enchanter)           Turns: 9545, Time: 01:14:26

HP -10/54        AC  4     Str  8      XL: 8   Next: 52%
MP  23/27        EV 15     Int 18      God: Kikubaaqudgha [......]
Gold 209         SH  0     Dex 14      Spells:  4 memorised,  2 levels left

Res.Fire  : . . .   See Invis. : +   a - +1 dagger {=f}
Res.Cold  : + + .   Warding    : .   b - +1 robe
Life Prot.: + + +   Conserve   : .   (no shield)
Res.Poison: +       Res.Corr.  : .   (no helmet)
Res.Elec. : .       Clarity    : .   (no cloak)
Sust.Abil.: . .     Spirit.Shd : .   s - +0 pair of orc gloves
Res.Mut.  : .       Rnd.Telep. : +   (no boots)
Res.Rott. : +       Flight     : .   (no amulet)
Saprovore : . . .                    M - ring of magical power
                                     A - cursed ring of teleportation

@: regenerating slowly, somewhat resistant to hostile enchantments, very
stealthy
A: bottle blood, fangs 3, see invisible, unbreathing
a: Bat Form, Bottle Blood, Renounce Religion, Evoke Teleportation


You were on level 6 of the Dungeon.
You worshipped Kikubaaqudgha.
Kikubaaqudgha was noncommittal.
You were near bloodless.

You visited 2 branches of the dungeon, and saw 7 of its levels.

You collected 189 gold pieces.

Inventory:

Hand weapons
 a - a +1,+1 dagger (weapon) {=f}
 u - a -1,+1 orcish dagger
 w - a +0,+0 orcish dagger
 D - a +1,+0 elven short sword
 I - a +0,+1 orcish dagger
 O - a +2,+0 spear of piercing
 P - a +1,+1 whip of venom
Missiles
 d - 30 darts (quivered)
 p - 18 darts of flame
Armour
 b - a +1 robe (worn)
 e - a +0 robe
 s - a +0 pair of orcish gloves (worn)
 J - a +0 orcish robe
 K - a +0 orcish robe
 L - a +0 orcish robe
 Q - a +2 orcish chain mail of cold resistance
 R - a +0 robe
 S - a +0 orcish robe
Scrolls
 f - 2 scrolls of recharging {unknown}
 g - a scroll of noise {unknown}
 h - a scroll of magic mapping {unknown}
 i - 4 scrolls of identify
 j - a scroll of curse jewellery {unknown}
 k - 3 scrolls of enchant armour {unknown}
 l - 2 scrolls of amnesia {unknown}
 m - 3 scrolls of remove curse
 o - a scroll of enchant weapon I {unknown}
 r - 2 scrolls of enchant weapon II {unknown}
 y - 2 scrolls of random uselessness {unknown}
 B - 2 scrolls of fog {unknown}
 E - 2 scrolls of fear {unknown}
 G - 2 scrolls of curse weapon {unknown}
 N - a scroll of teleportation {unknown}
 T - a scroll of blinking {unknown}
Jewellery
 A - a cursed ring of teleportation (left hand)
 M - a ring of magical power (right hand)
Potions
 n - a potion of brilliance {unknown}
 q - a potion of curing {unknown}
 t - a potion of heal wounds {unknown}
 v - a potion of degeneration {unknown}
 z - a potion of poison {unknown}
 C - a potion of magic {unknown}
 F - 2 potions of invisibility {unknown}
 H - a potion of agility {unknown}
 U - 2 potions of blood
Books
 c - a book of Maledictions

   Spells                             Type                      Level
   *Corona                            Hexes                        1
   Sure Blade                         Hexes/Charms                 2
   *Ensorcelled Hibernation           Hexes/Ice                    2
   *Confuse                           Hexes                        3
   Enslavement                        Hexes                        4
   *Invisibility                      Hexes                        6
Magical staves
 V - an uncursed staff of poison {unknown}
Miscellaneous
 x - a plain deck of escape


   Skills:
 + Level 2.5 Fighting
 + Level 4.1 Short Blades
 - Level 0.7 Throwing
 * Level 5.8 Dodging
 * Level 8.3 Stealth
 + Level 3.5 Spellcasting
 + Level 7.6 Hexes
 + Level 2.2 Evocations


You had 2 spell levels left.
You knew the following spells:

 Your Spells              Type           Power        Failure   Level  Hunger
a - Corona                Hex            ####...      1%          1    None
b - Ensorcelled Hibernat  Hex/Ice        ###...       6%          2    ##.....
c - Confuse               Hex            ####....     1%          3    ###....
d - Invisibility          Hex            ####....     89%         6    #######


Dungeon Overview and Level Annotations

Branches:
Dungeon (6/27)             Temple (1/1) D:5
    Orc: D:6-11

Altars:
Ashenzari
Cheibriados
Fedhas
Kikubaaqudgha
Nemelex Xobeh
Okawaru
Trog
Vehumet
Xom
Zin
the Shining One

Shops:
D:5 (

Annotations:
D:6 dyno's ghost, experienced TrFi


Innate Abilities, Weirdness & Mutations

You heal slowly.
You can bottle blood from corpses.
You have razor-sharp teeth.*
You have supernaturally acute eyesight.
You can survive without breathing.*


Message History

Aiming: Confuse
Press: ? - help, Shift-Dir - straight line, f/p - dyno's ghost
Aim: dyno's ghost (moderately damaged) Dyno's ghost appears confused.
You hit dyno's ghost.
You bite dyno's ghost, but do no damage.
Dyno's ghost is moderately damaged.
You strike the helpless dyno's ghost from behind!
You impale dyno's ghost!!
Dyno's ghost is heavily damaged.
Dyno's ghost hits you!
Ouch! That really hurt!
* * * LOW HITPOINT WARNING * * *
You hit dyno's ghost.
Dyno's ghost is heavily damaged.
You hit dyno's ghost.
Dyno's ghost is severely damaged.
Dyno's ghost seems less confused.
Dyno's ghost hits you!
You die...
Kikubaaqudgha rasps: "You have failed me!
Welcome... oblivion!"

##...# ###.c...# #....#
#.....## ###...##
###....# ##.....#
####...# ##.....##
#......# ###......###
##.....## .##...####..##
###.....##
.##....###....##)p.<.###
..##....%#....#.@...##
...##....##........##
...###<...##.....###
.....##....##.....#
#....###....###...#
#.....###....#....#
###....# ........##
##...# ##.....## #....#
##...##


You could see dyno's ghost.

Vanquished Creatures
  2 sky beasts
  2 ogres (D:5)
  2 centaurs
  A gnoll sergeant (D:5)
  3 crimson imps
  5 hounds
  2 orc priests (D:5)
  2 scorpions
  4 orc wizards
  2 worker ants
  A hound skeleton (D:6)
  13 adders
  12 gnolls
  2 giant mites
  2 worms
  2 giant eyeballs
  4 giant geckos
  2 oozes (D:5)
  18 orcs
  11 bats
  A bat zombie (D:6)
  6 giant cockroaches
  12 goblins
  11 hobgoblins
  11 jackals
  9 kobolds
  4 quokkas
  5 ball pythons
  5 giant newts
  An orc skeleton (D:6)
  A quokka skeleton (D:5)
  A quokka zombie (D:5)
  12 rats
  A rat skeleton (D:6)
172 creatures vanquished.

Notes
Turn   | Place    | Note
--------------------------------------------------------------
     0 | D:1      | ivanovan88, the Vampire Enchanter, began the quest for the Orb.
     0 | D:1      | Reached XP level 1. HP: 13/13 MP: 4/4
   394 | D:1      | Reached XP level 2. HP: 1/19 MP: 5/5
   502 | D:1      | Learned a level 2 spell: Ensorcelled Hibernation
   725 | D:1      | Reached skill level 5 in Hexes
  1109 | D:1      | Reached XP level 3. HP: 6/24 MP: 1/6
  2384 | D:2      | Reached XP level 4. HP: 30/30 MP: 8/8
  2988 | D:3      | Reached skill level 6 in Hexes
  3060 | D:3      | Found a sparkling altar of Nemelex Xobeh.
  3087 | D:3      | Reached XP level 5. HP: 35/35 MP: 10/10
  3574 | D:3      | Reached skill level 5 in Stealth
  3790 | D:4      | Got a brightly glowing hand axe
  3791 | D:4      | Identified the cursed +4,-1 hand axe "Qovvesun" {flame, Int+3} (You found it on level 4 of the Dungeon)
  4027 | D:4      | Reached XP level 6. HP: 28/41 MP: 0/12
  4262 | D:4      | Reached skill level 1 in Fighting
  4478 | D:4      | Learned a level 3 spell: Confuse
  4858 | D:5      | Entered Level 5 of the Dungeon
  5004 | D:5      | Reached skill level 1 in Evocations
  5006 | D:5      | Reached XP level 7. HP: 21/47 MP: 1/14
  5596 | D:5      | Found Avutot's Weapon Emporium.
  5873 | D:5      | Found an iron altar of Okawaru.
  6863 | D:5      | Reached skill level 7 in Stealth
  6953 | D:5      | Reached skill level 5 in Dodging
  7284 | D:5      | Reached XP level 8. HP: 53/53 MP: 10/17
  7292 | D:5      | Learned a level 6 spell: Invisibility
  7295 | D:5      | Found a staircase to the Ecumenical Temple.
  7308 | Temple   | Entered the Ecumenical Temple
  7537 | Temple   | Became a worshipper of Kikubaaqudgha
  8142 | D:5      | Found a bloodstained altar of Trog.
  8537 | D:6      | Paralysed by a giant eyeball for 3 turns
  8954 | D:6      | Reached skill level 8 in Stealth
  9530 | D:6      | Noticed dyno's ghost (experienced TrFi)
  9545 | D:6      | Mangled by dyno's ghost

Action                   |  1- 3 |  4- 6 |  7- 9 || total
-------------------------+-------+-------+-------++-------
Melee: Dagger            |   143 |   123 |   153 ||   419
       Short sword       |       |    14 |       ||    14
 Cast: Ensorcelled Hiber |    20 |    73 |    79 ||   172
       Confuse           |       |     8 |    17 ||    25
 Abil: End Transformatio |       |     1 |     5 ||     6
       Bat Form          |       |     1 |     5 ||     6
       Bottle Blood      |       |       |     2 ||     2
  Use: Scroll            |     3 |     1 |     1 ||     5
 Stab: Sleeping          |    18 |    59 |    44 ||   121
       Distracted        |       |     1 |     1 ||     2
       Confused          |       |     2 |     7 ||     9
